[Event "2026 European Womens Championship"]
[Site "Batumi, GE"]
[Date "2026.05.28"]
[Round "4"]
[White "Kobak, Polina"]
[Black "Tsolakidou, Stavroula"]
[Result "1-0"]
[Board "36"]
[TimeControl "5400+30"]
[WhiteFideId "24269727"]
[BlackFideId "4264312"]
[WhiteElo "1986"]
[BlackElo "2455"]
[WhiteTitle "WFM"]
[BlackTitle "IM"]
[WhiteClock "0:11:43"]
[BlackClock "0:12:48"]
[Variant "Standard"]

1. d4 Nf6 2. c4 g6 3. Nc3 Bg7 4. e4 d6 5. Be2 O-O 6. Bg5 Na6 7. Qd2 Qe8 8. h4 h5 9. f3 c5 10. d5 Nc7 11. Nh3 b5 12. cxb5 a6 13. bxa6 Bxa6 14. Bh6 Qb8 15. Bxg7 Kxg7 16. Nf4 Qb6 17. b3 Bxe2 18. Nfxe2 Nd7 19. O-O Ne5 20. Kh1 Nb5 21. Na4 Qa7 22. Nb2 Qa5 23. Qg5 Qb4 24. Nf4 Kh7 25. Nc4 Nxc4 26. bxc4 Qxc4 27. Qxe7 Rae8 28. Qd7 Rd8 29. Qe7 Rde8 30. Qd7 Rd8 31. Qe7 Rde8 32. Qg5 Nc3 33. a4 Qd4 34. a5 c4 35. a6 Nb5 36. Rab1 Qc5 37. g4 hxg4 38. h5 Rh8 39. hxg6+ Kg7+ 40. Kg2 Re5 41. Qxg4 f5 42. Qg5 c3 43. Rh1 1-0

[Event "2026 European Womens Championship"]
[Site "Batumi, GE"]
[Date "2026.05.28"]
[Round "4"]
[White "Siekanska, Maria"]
[Black "Osmak, Yuliia"]
[Result "1/2-1/2"]
[Board "37"]
[TimeControl "5400+30"]
[WhiteFideId "21852650"]
[BlackFideId "14101602"]
[WhiteElo "2203"]
[BlackElo "2451"]
[WhiteTitle "WIM"]
[BlackTitle "IM"]
[WhiteClock "0:03:42"]
[BlackClock "0:00:40"]
[Variant "Standard"]

1. e4 c5 2. Nf3 d6 3. d4 cxd4 4. Nxd4 Nf6 5. Nc3 a6 6. Bg5 e6 7. Qe2 Be7 8. h4 h6 9. Bxf6 Bxf6 10. O-O-O Nc6 11. Nxc6 bxc6 12. Rh3 Rb8 13. f4 Qb6 14. e5 dxe5 15. fxe5 Be7 16. b3 Qa5 17. Qe4 Bb7 18. Bc4 Rd8 19. Rxd8+ Bxd8 20. Bxe6 O-O 21. Bc4 Bc8 22. Rg3 Qc7 23. Qf4 Re8 24. Ne4 Qxe5 25. Qxf7+ Kh8 26. Kb1 Qe7 27. Rxg7 Qxf7 28. Rxf7 Bxh4 29. Nf6 Re1+ 30. Kb2 Bf5 31. Nh5 Be4 32. g3 Bg5 33. Rf8+ Kh7 34. Re8 Bc1+ 35. Kc3 Re3+ 36. Kd4 c5+ 37. Kxc5 Bg6 38. Bg8+ Kh8 39. Rd8 Re5+ 40. Bd5+ Kh7 41. Rd7+ Kh8 42. Nf4 Bxc2 43. Kb6 Rg5 44. Rd6 Kh7 45. Ne2 Ba3 46. Rd7+ Kh8 47. Bc4 a5 48. Bd3 Bc5+ 49. Ka6 Bxd3+ 50. Rxd3 Bb4 51. Nc3 Kg7 52. Nd5 Be1 53. Nf4 Kf7 54. Rd7+ Ke8 55. Rd5 Bxg3 56. Rxg5 hxg5 57. Ne6 g4 58. Kxa5 Ke7 59. Nd4 Kf6 60. Ne2 Be1+ 61. Kb5 Ke5 62. a4 Ke4 63. a5 Bf2 64. Kc4 Ke3 65. Nd4 Ke4 66. Ne2 Ke3 67. Nd4 Ke4 68. Ne2 Ke3 69. Nd4 Ke4 70. Ne2 Ke3 1/2-1/2

[Event "2026 European Womens Championship"]
[Site "Batumi, GE"]
[Date "2026.05.28"]
[Round "4"]
[White "Calzetta Ruiz, Monica"]
[Black "Khotenashvili, Bella"]
[Result "1/2-1/2"]
[Board "38"]
[TimeControl "5400+30"]
[WhiteFideId "2204185"]
[BlackFideId "13602640"]
[WhiteElo "2199"]
[BlackElo "2415"]
[WhiteTitle "WGM"]
[BlackTitle "GM"]
[WhiteClock "0:01:57"]
[BlackClock "0:09:08"]
[Variant "Standard"]

1. e4 e5 2. Nf3 Nc6 3. Bb5 a6 4. Ba4 d6 5. O-O Bd7 6. d4 b5 7. Bb3 Nxd4 8. Nxd4 exd4 9. c3 d3 10. Qxd3 Nf6 11. f4 Bc6 12. Nd2 Qd7 13. Re1 Be7 14. Nf3 O-O 15. Nd4 Bb7 16. Bc2 g6 17. f5 Rfe8 18. Qh3 Bf8 19. Qh4 Nh5 20. f6 c5 21. Nf5 Re6 22. Bg5 Rae8 23. Ne7+ Bxe7 24. fxe7 f6 25. Bh6 Qxe7 26. a4 d5 27. axb5 axb5 28. Ra5 Bc6 29. Rea1 dxe4 30. Ra7 Bb7 31. Be3 Ng7 32. Qf2 c4 33. R1a5 Qd7 34. b3 Nf5 35. bxc4 Nxe3 36. Qxe3 bxc4 37. Ba4 Qd3 38. Qxd3 exd3 39. Rxb7 Re1+ 40. Kf2 R1e2+ 41. Kg3 R8e3+ 42. Kh4 g5+ 43. Kh5 Re7 44. Rxe7 Rxe7 45. Rc5 Re4 46. Rxc4 Re2 47. Bb3 Kf8 48. Rd4 Rxg2 49. Rxd3 Rxh2+ 50. Kg4 Ke7 51. Re3+ Kd7 52. Rd3+ Ke7 53. Re3+ Kd7 54. Rd3+ 1/2-1/2

[Event "2026 European Womens Championship"]
[Site "Batumi, GE"]
[Date "2026.05.28"]
[Round "4"]
[White "Zeliantsova, Kseniya"]
[Black "Badelka, Olga"]
[Result "0-1"]
[Board "39"]
[TimeControl "5400+30"]
[WhiteFideId "13512617"]
[BlackFideId "13509926"]
[WhiteElo "2176"]
[BlackElo "2392"]
[WhiteTitle "WFM"]
[BlackTitle "IM"]
[WhiteClock "0:01:29"]
[BlackClock "0:01:18"]
[Variant "Standard"]

1. e4 e6 2. Nf3 d5 3. e5 c5 4. c3 Bd7 5. d4 Qb6 6. Be2 Nc6 7. O-O a5 8. a4 cxd4 9. cxd4 Nge7 10. Nc3 Nf5 11. Nb5 h5 12. Bd3 Nb4 13. Bxf5 exf5 14. e6 fxe6 15. Ne5 Bxb5 16. axb5 Bd6 17. Ng6 Rh7 18. Bf4 Bxf4 19. Nxf4 Kf7 20. Re1 Rh6 21. Rc1 h4 22. Qe2 Qd6 23. Qe3 Re8 24. Nh3 Kg8 25. f4 Qd7 26. Qe2 Qd6 27. Qf1 Rg6 28. Ng5 Qd8 29. Qf3 Rxg5 30. fxg5 Qxg5 31. Rc7 b6 32. h3 Qd2 33. Qc3 Qf4 34. Rc8 Rxc8 35. Qxc8+ Kh7 36. Qc3 Qd6 37. Qf3 Kg6 38. Qe2 Kf6 39. Kh1 g6 40. Qd2 Qg3 41. Re3 Qd6 42. Rc3 g5 43. Qe3 Qf4 44. Qxf4 gxf4 45. Kg1 e5 46. dxe5+ Kxe5 47. Kf1 d4 48. Rc8 Nd3 49. Rc6 Nxb2 50. Rc2 Nd1 51. Rc6 d3 52. Ke1 Nb2 53. Kd2 a4 54. Kc3 a3 55. Rc8 f3 56. gxf3 Kf4 57. Ra8 Kg3 58. f4 Kxf4 59. Rh8 Kg3 60. Ra8 Kg2 61. Rf8 f4 62. Rxf4 d2 63. Kd4 0-1

[Event "2026 European Womens Championship"]
[Site "Batumi, GE"]
[Date "2026.05.28"]
[Round "4"]
[White "Odisharia, Teona"]
[Black "Buksa, Nataliya"]
[Result "0-1"]
[Board "40"]
[TimeControl "5400+30"]
[WhiteFideId "13602322"]
[BlackFideId "14123622"]
[WhiteElo "2167"]
[BlackElo "2392"]
[WhiteTitle "WFM"]
[BlackTitle "IM"]
[WhiteClock "0:02:26"]
[BlackClock "0:05:02"]
[Variant "Standard"]

1. e4 c5 2. Nf3 Nc6 3. d4 cxd4 4. Nxd4 Nf6 5. Nc3 e5 6. Ndb5 d6 7. Bg5 a6 8. Na3 b5 9. Nd5 Be7 10. Bxf6 Bxf6 11. c4 b4 12. Nc2 O-O 13. g3 a5 14. Bg2 g6 15. O-O Bg7 16. Qe2 Be6 17. Rad1 Qb8 18. b3 a4 19. Qe1 axb3 20. axb3 Qb7 21. Nde3 Rfd8 22. f4 Ra2 23. Kh1 Qa7 24. Rd3 Qc5 25. f5 Bc8 26. Qb1 Ra5 27. Qd1 Nd4 28. Nxd4 exd4 29. Nd5 Ra2 30. Qf3 Qa7 31. Nxb4 Rxg2 32. Qxg2 Bb7 33. Nd5 Be5 34. Qd2 Bxd5 35. exd5 f6 36. fxg6 hxg6 37. Qh6 Qf7 38. g4 Ra8 39. Rh3 Qg7 40. Qxg7+ Kxg7 41. Rf2 Ra1+ 42. Kg2 Rd1 43. Rhf3 g5 44. Ra2 Rb1 45. Rd2 Kf7 46. Rfd3 Kg6 47. h3 Kf7 48. Ra2 Kg6 49. Kf3 Rh1 50. Ra8 Rxh3+ 51. Ke2 Rh1 52. Kd2 f5 53. Rg8+ Kf7 54. Rb8 fxg4 55. Ke2 g3 56. Rb7+ Kg6 57. Kf3 Rh2 58. Rxd4 Rf2+ 0-1

[Event "2026 European Womens Championship"]
[Site "Batumi, GE"]
[Date "2026.05.28"]
[Round "4"]
[White "Jimenez Fernandez, Rebeca"]
[Black "Klek, Hanna Marie"]
[Result "1/2-1/2"]
[Board "41"]
[TimeControl "5400+30"]
[WhiteFideId "32070934"]
[BlackFideId "24670057"]
[WhiteElo "2166"]
[BlackElo "2369"]
[WhiteTitle "WFM"]
[BlackTitle "WGM"]
[WhiteClock "0:16:08"]
[BlackClock "0:20:03"]
[Variant "Standard"]

1. e4 e5 2. Nf3 Nc6 3. Bb5 a6 4. Ba4 Nf6 5. O-O Be7 6. Re1 b5 7. Bb3 d6 8. c3 O-O 9. h3 h6 10. d4 Re8 11. Nbd2 Bf8 12. Nf1 Bd7 13. Ng3 a5 14. a4 bxa4 15. Bxa4 exd4 16. cxd4 Nb4 17. Re3 Bxa4 18. Rxa4 d5 19. e5 Nd7 20. Ra1 c5 21. Re2 cxd4 22. Qxd4 Rc8 23. Nf5 Rc4 24. Qd1 Qb8 25. b3 Rc3 26. Bb2 Rd3 27. Rd2 Rxd2 28. Qxd2 Nc5 29. N5d4 Ne4 30. Qe2 Qc7 31. Qb5 Ra8 32. Rc1 1/2-1/2

[Event "2026 European Womens Championship"]
[Site "Batumi, GE"]
[Date "2026.05.28"]
[Round "4"]
[White "Mammadova, Gulnar"]
[Black "Ptacnikova, Lenka"]
[Result "1-0"]
[Board "42"]
[TimeControl "5400+30"]
[WhiteFideId "13403508"]
[BlackFideId "305650"]
[WhiteElo "2325"]
[BlackElo "2126"]
[WhiteTitle "IM"]
[BlackTitle "WGM"]
[WhiteClock "0:09:21"]
[BlackClock "0:06:49"]
[Variant "Standard"]

1. e4 c5 2. Nc3 e6 3. Nf3 Nc6 4. d4 cxd4 5. Nxd4 Qc7 6. Qd3 a6 7. Nxc6 bxc6 8. Qg3 e5 9. f4 d6 10. Be2 Nf6 11. O-O h5 12. h3 h4 13. Qf2 Be7 14. Be3 exf4 15. Bxf4 Be6 16. Rad1 Rb8 17. b3 Nh5 18. Bh2 Qa5 19. Na4 Ng3 20. Bxg3 hxg3 21. Qxg3 Qe5 22. Qxe5 dxe5 23. Bxa6 Rh4 24. Be2 g5 25. Rd3 c5 26. g4 c4 27. Rdf3 cxb3 28. axb3 f6 29. Rd1 Kf7 30. Rc3 Rb4 31. Nc5 Bxc5+ 32. Rxc5 Rxh3 33. Rc7+ Kg6 34. Rd6 Bxg4 35. Bc4 Rg3+ 36. Kh2 Rf3 37. Rd8 Rf4 38. Bf7+ Kh6 39. Rh8+ Kg7 40. Rg8+ Kh7 41. Bc4+ Kh6 42. Rh8+ Kg6 43. Bg8 f5 44. Bh7+ Kf6 45. Rg8 Bh5 46. Bxf5 g4 47. Rc6+ Kf7 48. Rh8 g3+ 49. Kxg3 1-0

[Event "2026 European Womens Championship"]
[Site "Batumi, GE"]
[Date "2026.05.28"]
[Round "4"]
[White "Gueci, Tea"]
[Black "Krasteva, Beloslava"]
[Result "0-1"]
[Board "43"]
[TimeControl "5400+30"]
[WhiteFideId "872342"]
[BlackFideId "2922029"]
[WhiteElo "2160"]
[BlackElo "2285"]
[WhiteTitle "WIM"]
[BlackTitle "WGM"]
[WhiteClock "0:22:19"]
[BlackClock "0:24:05"]
[Variant "Standard"]

1. e4 e5 2. Nf3 Nc6 3. Nc3 Nf6 4. h3 Bb4 5. Bd3 O-O 6. O-O Re8 7. Re1 Bxc3 8. dxc3 h6 9. Bc4 d6 10. a4 a5 11. Bb5 Bd7 12. Nh2 Ne7 13. Bxd7 Qxd7 14. c4 Qe6 15. b3 Nd7 16. Nf1 Kh8 17. Ne3 f5 18. exf5 Nxf5 19. Qg4 Nxe3 20. Bxe3 Qxg4 21. hxg4 g5 22. f3 b6 23. Kf2 Kg7 24. Kg3 Re6 25. c3 Rae8 26. b4 e4 27. bxa5 bxa5 28. Rab1 exf3 29. Bd4+ Kg6 30. Rxe6+ Rxe6 31. gxf3 c5 32. Bg1 Ne5 33. Rb5 Nxc4 34. Bxc5 dxc5 35. Rxc5 Nd2 36. Rxa5 Re2 37. Ra6+ Kg7 38. Ra7+ Kf6 39. Ra6+ Ke5 40. Ra5+ Kd6 41. Ra6+ Kc7 42. f4 Re3+ 43. Kf2 gxf4 44. Rxh6 Ne4+ 45. Kf1 f3 46. Rh7+ Kd6 47. Rf7 Rxc3 48. Kg1 Rc1+ 49. Kh2 f2 0-1

[Event "2026 European Womens Championship"]
[Site "Batumi, GE"]
[Date "2026.05.28"]
[Round "4"]
[White "Urh, Zala"]
[Black "Ismayil, Malak"]
[Result "0-1"]
[Board "44"]
[TimeControl "5400+30"]
[WhiteFideId "14611481"]
[BlackFideId "13412604"]
[WhiteElo "2263"]
[BlackElo "2122"]
[WhiteTitle "WIM"]
[BlackTitle "WIM"]
[WhiteClock "0:11:00"]
[BlackClock "0:35:54"]
[Variant "Standard"]

1. d4 d5 2. c4 c6 3. cxd5 cxd5 4. Nc3 e6 5. Bf4 Bd6 6. Bxd6 Qxd6 7. e3 Bd7 8. Bd3 Nc6 9. Rc1 Nge7 10. Nf3 h6 11. O-O O-O 12. e4 Qb4 13. e5 Na5 14. b3 Rfc8 15. Ne2 Rxc1 16. Qxc1 Bb5 17. Bxb5 Qxb5 18. Nf4 Rc8 19. Qd2 b6 20. Nd3 Rc7 21. h4 Qc6 22. Rc1 Qd7 23. h5 Rxc1+ 24. Qxc1 Nac6 25. g4 Qb7 26. Qa3 Nc8 27. Kg2 a5 28. Qb2 Qe7 29. Qc1 N8a7 30. Nf4 Qb4 31. Ne2 Qb5 32. Ng3 Qd3 33. g5 hxg5 34. Qxg5 Nb5 35. h6 Qg6 36. Qd2 Qxh6 37. Qd3 Qf4 38. Ne2 Qg4+ 39. Kh2 Nba7 40. Ng3 Nb4 41. Qe2 Nxa2 42. Kg2 Nb4 43. Qf1 Nac6 44. Qd1 Qg6 45. Qc1 Qc2 46. Qe3 b5 47. Kh3 Qd3 48. Qf4 a4 49. bxa4 bxa4 50. Ng5 Qg6 51. Qc1 a3 52. f4 Nc2 53. f5 Qh6+ 54. Kg4 a2 0-1

[Event "2026 European Womens Championship"]
[Site "Batumi, GE"]
[Date "2026.05.28"]
[Round "4"]
[White "Radeva, Viktoria"]
[Black "Liavonava, Yuliya"]
[Result "0-1"]
[Board "45"]
[TimeControl "5400+30"]
[WhiteFideId "2915405"]
[BlackFideId "13524178"]
[WhiteElo "2242"]
[BlackElo "2118"]
[WhiteTitle "WGM"]
[BlackTitle "WFM"]
[WhiteClock "0:03:31"]
[BlackClock "0:04:32"]
[Variant "Standard"]

1. e4 c5 2. Nf3 d6 3. d4 cxd4 4. Nxd4 Nf6 5. Nc3 a6 6. h3 e5 7. Nb3 Be6 8. Be3 Be7 9. Qf3 Nbd7 10. g4 h6 11. O-O-O Rc8 12. Nd5 Bxd5 13. exd5 Nb6 14. Bxb6 Qxb6 15. Kb1 g6 16. Bd3 h5 17. Rde1 h4 18. c4 Nd7 19. Qe4 g5 20. Qf5 Kd8 21. Qxf7 Rf8 22. Qe6 Rf6 23. Qg8+ Rf8 24. Qh7 Qxf2 25. Rhf1 Qg3 26. Bf5 Rxc4 27. Rc1 Qxh3 28. Na5 Rb4 29. Nc6+ bxc6 30. dxc6 Rc4 31. Rxc4 Qxf1+ 32. Rc1 Rxf5 33. gxf5 Qd3+ 34. Ka1 Qd2 35. Qg8+ Kc7 36. Qc4 Nc5 37. b4 Nd3 38. f6 Qb2# 0-1

[Event "2026 European Womens Championship"]
[Site "Batumi, GE"]
[Date "2026.05.28"]
[Round "4"]
[White "Rapport, Jovana"]
[Black "Deak-Sala, Emilia"]
[Result "1-0"]
[Board "46"]
[TimeControl "5400+30"]
[WhiteFideId "937266"]
[BlackFideId "795615"]
[WhiteElo "2235"]
[BlackElo "2086"]
[WhiteTitle "WGM"]
[BlackTitle "WFM"]
[WhiteClock "0:33:44"]
[BlackClock "0:05:59"]
[Variant "Standard"]

1. e4 c5 2. Nc3 Nc6 3. g3 g6 4. Bg2 Bg7 5. d3 e6 6. Be3 d6 7. Qd2 Rb8 8. Nf3 b5 9. O-O Nge7 10. Bh6 O-O 11. Bxg7 Kxg7 12. d4 b4 13. Ne2 e5 14. c3 bxc3 15. bxc3 cxd4 16. cxd4 Ba6 17. Rfd1 Bxe2 18. Qxe2 Qb6 19. d5 Na5 20. h4 Ng8 21. Nd2 Nf6 22. Rab1 Qc7 23. Rbc1 Qb6 24. Bh3 Rfd8 25. Rc2 Qb5 26. Qe3 Nb7 27. Rb1 Qa5 28. Rcb2 Qa6 29. Bf1 Qa4 30. Bb5 Qa5 31. Bc6 1-0

[Event "2026 European Womens Championship"]
[Site "Batumi, GE"]
[Date "2026.05.28"]
[Round "4"]
[White "Akat, Elifnaz"]
[Black "Piddubna, Bozhena"]
[Result "0-1"]
[Board "47"]
[TimeControl "5400+30"]
[WhiteFideId "34560556"]
[BlackFideId "34109293"]
[WhiteElo "2061"]
[BlackElo "2235"]
[WhiteTitle "WFM"]
[BlackTitle "WIM"]
[WhiteClock "0:10:03"]
[BlackClock "0:04:27"]
[Variant "Standard"]

1. e4 e5 2. Nc3 Nf6 3. Bc4 Bc5 4. d3 c6 5. f4 exf4 6. Nf3 d5 7. exd5 O-O 8. d4 Re8+ 9. Ne2 cxd5 10. Bd3 Bd6 11. O-O Qc7 12. Nc3 a6 13. Ne5 Nc6 14. Rxf4 Nxe5 15. Rxf6 Ng4 16. Rf1 Bxh2+ 17. Kh1 Bg3 18. Qf3 Be6 19. Nxd5 Bxd5 20. Qxg4 Be6 21. Qh5 g6 22. Qg5 Rad8 23. Rf3 Bd6 24. c3 Be7 25. Qf4 Qa5 26. Bd2 Rd5 27. c4 Rh5+ 28. Kg1 Qb6 29. Bc3 Bd6 30. Qd2 Qc7 31. Re1 Rf8 32. c5 Bh2+ 33. Kf2 Bg4 34. Qe3 Bxf3 35. Qxf3 Bf4 36. b4 Rg5 37. Re2 Rg3 38. Qe4 Bg5 39. Bd2 Bxd2 40. Rxd2 Rg5 41. Qe3 h6 42. Bc2 Qh2 43. Kf1 Rd8 44. Be4 Re8 45. Re2 Rg4 46. d5 Rf4+ 47. Ke1 Qh4+ 48. g3 Rfxe4 0-1

[Event "2026 European Womens Championship"]
[Site "Batumi, GE"]
[Date "2026.05.28"]
[Round "4"]
[White "Tsetskhladze, Mariam"]
[Black "Tsiganova, Monika"]
[Result "0-1"]
[Board "48"]
[TimeControl "5400+30"]
[WhiteFideId "13623834"]
[BlackFideId "4500199"]
[WhiteElo "2234"]
[BlackElo "2039"]
[WhiteTitle "WFM"]
[BlackTitle "WIM"]
[WhiteClock "0:06:39"]
[BlackClock "0:05:58"]
[Variant "Standard"]

1. e4 c6 2. d4 d5 3. exd5 cxd5 4. Bd3 Nc6 5. c3 Qc7 6. h3 g6 7. Ne2 Nf6 8. Qc2 a6 9. O-O Bg7 10. f4 e6 11. a4 Bd7 12. b4 O-O 13. Be3 Rfc8 14. Rc1 Qd8 15. Qd1 Rc7 16. Nd2 Ne7 17. g4 Nc8 18. Ng3 Nd6 19. Nb3 Nc4 20. Qe2 Ne8 21. Nc5 Ned6 22. Nf1 b6 23. Nxd7 Qxd7 24. Nd2 Rac8 25. Bf2 Nxd2 26. Qxd2 Nc4 27. Qe2 a5 28. b5 Nd6 29. Be1 Bxd4+ 30. Bf2 Bxf2+ 31. Qxf2 Rxc3 32. Rd1 Qc7 33. Kg2 Qc5 34. Qe2 Nc4 35. Kf3 d4 36. h4 Qd5+ 37. Kg3 Ne3 0-1

[Event "2026 European Womens Championship"]
[Site "Batumi, GE"]
[Date "2026.05.28"]
[Round "4"]
[White "Orian, Noga"]
[Black "Tsirulnik, Maritsa"]
[Result "1-0"]
[Board "49"]
[TimeControl "5400+30"]
[WhiteFideId "2836475"]
[BlackFideId "14118688"]
[WhiteElo "2231"]
[BlackElo "2028"]
[WhiteTitle "WIM"]
[BlackTitle "WFM"]
[WhiteClock "0:22:23"]
[BlackClock "0:03:19"]
[Variant "Standard"]

1. d4 Nf6 2. c4 e6 3. g3 d5 4. Bg2 dxc4 5. Nf3 a6 6. O-O Nc6 7. Qd2 Rb8 8. Ne5 Bd7 9. Nc3 Na5 10. Rd1 Bb4 11. Qc2 Qe7 12. Bg5 Rd8 13. Ne4 Bb5 14. Ng4 Nxg4 15. Bxe7 Bxe7 16. Qc3 b6 17. d5 O-O 18. dxe6 f5 19. h3 Nf6 20. Ng5 Rxd1+ 21. Rxd1 Ne8 22. Nf7 Nd6 23. Qc2 Nab7 24. Rd5 Be8 25. Ne5 Nc5 26. Nxc4 Rf6 27. Nxd6 Bxd6 28. e7 g6 29. Qc4 Kg7 30. b4 b5 31. Qc3 Na4 32. Qd4 Bxe7 33. g4 fxg4 34. hxg4 c6 35. g5 cxd5 1-0

[Event "2026 European Womens Championship"]
[Site "Batumi, GE"]
[Date "2026.05.28"]
[Round "4"]
[White "Bashylina, Luisa"]
[Black "Koghuashvili, Tekla"]
[Result "0-1"]
[Board "50"]
[TimeControl "5400+30"]
[WhiteFideId "12983292"]
[BlackFideId "13621564"]
[WhiteElo "2208"]
[BlackElo "1921"]
[WhiteTitle "WFM"]
[WhiteClock "0:00:45"]
[BlackClock "0:21:11"]
[Variant "Standard"]

1. d4 Nf6 2. c4 d5 3. cxd5 Nxd5 4. e4 Nb6 5. Nc3 g6 6. Be3 Bg7 7. Be2 O-O 8. Nf3 Bg4 9. O-O Nc6 10. e5 h6 11. b3 Nb4 12. Ne4 N6d5 13. Bd2 Bf5 14. Ng3 Bd3 15. Bxb4 Bxe2 16. Qxe2 Nxb4 17. Qb5 Nc6 18. Rfd1 Rb8 19. Rac1 a6 20. Qc4 e6 21. Ne4 Qe7 22. Nc5 b5 23. Qc3 Rb6 24. a4 b4 25. Qd3 a5 26. Rc2 Rd8 27. Qe4 Rd5 28. Rdc1 Nxd4 29. Nxd4 Bxe5 30. Nf3 Bc3 31. Nd3 Rbd6 32. Rxc3 bxc3 33. Rxc3 Qf6 34. Rxc7 Rxd3 35. h3 Rxb3 36. Ne5 Rb4 37. Qa8+ Rd8 38. Rxf7 Rb1+ 0-1

[Event "2026 European Womens Championship"]
[Site "Batumi, GE"]
[Date "2026.05.28"]
[Round "4"]
[White "Nomin-Erdene, Davaademberel"]
[Black "Nadanyan, Kiti"]
[Result "1-0"]
[Board "51"]
[TimeControl "5400+30"]
[WhiteFideId "4900782"]
[BlackFideId "13316710"]
[WhiteElo "2328"]
[BlackElo "1801"]
[WhiteTitle "IM"]
[WhiteClock "0:25:49"]
[BlackClock "0:24:53"]
[Variant "Standard"]

1. Nf3 d5 2. g3 Nf6 3. Bg2 Bf5 4. O-O e6 5. c4 c6 6. Qb3 Qb6 7. d3 Nbd7 8. cxd5 Qxb3 9. axb3 exd5 10. Bd2 a6 11. b4 Nb6 12. Nd4 Bd7 13. Bc3 Be7 14. Nd2 O-O 15. N2b3 Nc8 16. Nc5 Rb8 17. e4 Nb6 18. Ndb3 Bc8 19. Rfe1 Re8 20. Na5 Nfd7 21. exd5 Nxd5 22. Nxa6 bxa6 23. Nxc6 Nxc3 24. Rxe7 Rxe7 25. Nxe7+ Kf8 26. Nxc8 Nb5 27. Bh3 Ne5 28. Rxa6 Nxd3 29. Nb6 Ne5 30. f4 Nc7 31. fxe5 Nxa6 32. Nd7+ Ke7 33. Nxb8 Nxb8 34. b5 Kd8 35. Kf2 Kc7 36. Ke3 Kb6 37. Bf1 Nd7 38. Kd4 Nc5 39. Bc4 f6 40. e6 Nb7 41. e7 Nd6 42. Kd5 Kc7 43. Ke6 1-0

[Event "2026 European Womens Championship"]
[Site "Batumi, GE"]
[Date "2026.05.28"]
[Round "4"]
[White "Nenova, Andzhelika"]
[Black "Sivanandan, Bodhana"]
[Result "0-1"]
[Board "52"]
[TimeControl "5400+30"]
[WhiteFideId "2939355"]
[BlackFideId "497592"]
[WhiteElo "2072"]
[BlackElo "2374"]
[BlackTitle "FM"]
[WhiteClock "0:00:32"]
[BlackClock "0:02:13"]
[Variant "Standard"]

1. e4 c6 2. d4 d5 3. f3 dxe4 4. fxe4 e5 5. Nf3 Bg4 6. c3 Nd7 7. Bd3 Ngf6 8. O-O Bd6 9. Na3 O-O 10. Nc4 Qc7 11. Nxd6 Qxd6 12. Be3 Rfe8 13. Qc2 Bxf3 14. gxf3 Nh5 15. Kh1 Qf6 16. Qd2 h6 17. f4 exf4 18. Bxf4 Qh4 19. Rf3 Nf8 20. Rg1 Ng6 21. Be3 Rxe4 22. Bf2 Qe7 23. Bxe4 Qxe4 24. Qd3 Qxd3 25. Rxd3 Ngf4 26. Re3 Kf8 27. Bg3 g5 28. Rge1 Ne6 29. Bd6+ Kg7 30. c4 Rd8 31. d5 cxd5 32. cxd5 Nef4 33. Bxf4 Nxf4 34. Rd1 Kf6 35. d6 Rd7 36. Kg1 Ng6 37. Re8 Nh4 38. Rf1+ Nf5 39. Re7 Rxd6 40. Rxb7 a6 41. b4 Kg6 42. a4 Rd4 43. Rb1 a5 44. b5 Rd2 45. Kh1 g4 46. Rc7 g3 47. hxg3 Nxg3+ 48. Kg1 h5 49. Rc4 Kg5 50. Rb3 h4 51. Rxg3+ hxg3 52. b6 f5 53. Rc5 Kg4 54. Kf1 Kh3 55. Ke1 Rb2 56. Rxf5 g2 57. Rg5 Rxb6 58. Kf2 Rb2+ 59. Kf3 Kh2 60. Rh5+ Kg1 61. Rd5 Rb3+ 62. Kg4 Rb4+ 63. Kg3 Rb3+ 64. Kg4 Re3 65. Kf4 Kf2 66. Rd1 Re8 0-1

[Event "2026 European Womens Championship"]
[Site "Batumi, GE"]
[Date "2026.05.28"]
[Round "4"]
[White "Gvetadze, Sofio"]
[Black "Subramanian, Anusha"]
[Result "1-0"]
[Board "53"]
[TimeControl "5400+30"]
[WhiteFideId "13601440"]
[BlackFideId "477710"]
[WhiteElo "2311"]
[BlackElo "2068"]
[WhiteTitle "IM"]
[BlackTitle "WFM"]
[WhiteClock "0:02:17"]
[BlackClock "0:00:47"]
[Variant "Standard"]

1. e4 e5 2. Nf3 Nf6 3. d3 d6 4. Be2 Be7 5. Nbd2 c5 6. O-O Nc6 7. c3 h6 8. a3 O-O 9. Re1 Nh7 10. b4 Ng5 11. Nc4 b5 12. Ne3 Nxf3+ 13. Bxf3 Bg5 14. Bb2 Bxe3 15. fxe3 Be6 16. bxc5 dxc5 17. d4 Na5 18. d5 Bd7 19. Be2 c4 20. a4 Nb3 21. Ra2 a6 22. Ba3 Re8 23. Bh5 g6 24. Rf2 Ra7 25. Ref1 Bc8 26. Rf6 Kg7 27. R1f2 Rg8 28. Qf1 Qe8 29. Bd1 Rc7 30. h3 Na5 31. axb5 axb5 32. Bd6 Rd7 33. Bg4 Rxd6 34. Rxd6 Bxg4 35. hxg4 Nb7 36. Rc6 Nd8 37. Rc7 Rh8 38. Qa1 h5 39. g5 h4 40. Qa6 h3 41. Qf6+ Kh7 42. Rf3 h2+ 43. Kxh2 Kg8+ 44. Kg1 b4 45. Rc8 1-0

[Event "2026 European Womens Championship"]
[Site "Batumi, GE"]
[Date "2026.05.28"]
[Round "4"]
[White "Arakhamia-Grant, Ketevan"]
[Black "Dimitrijevic, Aleksandra"]
[Result "1-0"]
[Board "54"]
[TimeControl "5400+30"]
[WhiteFideId "13600168"]
[BlackFideId "929239"]
[WhiteElo "2306"]
[BlackElo "2059"]
[WhiteTitle "GM"]
[BlackTitle "WGM"]
[WhiteClock "0:19:52"]
[BlackClock "0:34:49"]
[Variant "Standard"]

1. e4 c5 2. Nf3 e6 3. d4 cxd4 4. Nxd4 Nc6 5. Nc3 d6 6. Be3 Nge7 7. Be2 Ng6 8. Qd2 Be7 9. Nb3 a6 10. a4 b6 11. f4 Bb7 12. O-O O-O 13. Rad1 Qc7 14. Bg4 Rab8 15. Qf2 Bc8 16. Bh3 b5 17. axb5 axb5 18. f5 Nge5 19. Qg3 b4 20. Ne2 exf5 21. exf5 Ba6 22. f6 Bxf6 23. Rxf6 Bxe2 24. Rdxd6 Ng6 25. Rf2 Nce5 26. Rxg6 hxg6 27. Rxe2 Qc4 28. Rd2 Rfe8 29. Qf4 f6 30. Rf2 Qd5 31. Qd4 Qf7 32. Bf4 Rbd8 33. Qxb4 Rd1+ 34. Rf1 Qd5 35. Nd2 Rxf1+ 36. Nxf1 Nc4 37. b3 Na5 38. Qd6 Qe4 39. Bd2 Qa8 40. Qc5 Re5 41. Qc8+ Qxc8 42. Bxc8 Nc6 43. Ba6 Nd4 44. Bc4+ Kf8 45. Ne3 Ke7 46. Bc3 Rxe3 47. Bxd4 1-0

[Event "2026 European Womens Championship"]
[Site "Batumi, GE"]
[Date "2026.05.28"]
[Round "4"]
[White "Jarocka, Liwia"]
[Black "Hayrapetyan, Nvard"]
[Result "1-0"]
[Board "55"]
[TimeControl "5400+30"]
[WhiteFideId "21807558"]
[BlackFideId "13316460"]
[WhiteElo "2288"]
[BlackElo "2057"]
[WhiteTitle "FM"]
[BlackTitle "WFM"]
[WhiteClock "0:26:31"]
[BlackClock "0:14:35"]
[Variant "Standard"]

1. d4 Nf6 2. c4 e6 3. Nc3 Bb4 4. e3 O-O 5. Bd3 d5 6. a3 Bxc3+ 7. bxc3 dxc4 8. Bxc4 c5 9. Ne2 Qc7 10. Ba2 b6 11. O-O Ba6 12. Re1 Rd8 13. Ng3 Nc6 14. Rb1 Rac8 15. Rb2 Na5 16. e4 cxd4 17. cxd4 Nc6 18. d5 Ne7 19. Bg5 Qe5 20. Qd2 Ng6 21. f4 Qc3 22. Qxc3 Rxc3 23. dxe6 fxe6 24. Bxe6+ Kf8 25. e5 h6 26. exf6 hxg5 27. fxg7+ Kxg7 28. fxg5 Rxa3 29. Nh5+ Kh8 30. Bf7 Ne5 31. Ra2 Rxa2 32. Bxa2 Nd3 33. Rd1 Rd6 34. Bf7 Kh7 35. Ra1 Nc5 36. g6+ Rxg6 37. Bxg6+ Kxg6 38. Nf4+ Kf5 39. g3 Ke4 40. h4 Kf5 41. Kh2 Kg4 42. Ne6 Nxe6 43. Rxa6 Nd4 44. Rxa7 Nf3+ 45. Kg2 Ne1+ 46. Kf2 Nd3+ 47. Ke3 Nc5 48. Rg7+ Kh5 49. Rg5+ Kh6 50. g4 1-0